 Dungeon Crawl Stone Soup version 0.30.1-1-g62c8e00024 (webtiles) character file.

Game seed: 4911290227609741675

195 Wiggles the Chopper (level 5, -15/72 HPs)
             Began as a Minotaur Berserker on July 17, 2023.
             Was a Believer of Trog.
             Demolished by an ogre
             ... wielding a +0 giant club
              (18 damage)
             ... on level 4 of the Dungeon.
             The game lasted 00:04:33 (2734 turns).

Wiggles the Chopper (Minotaur Berserker)            Turns: 2734, Time: 00:04:34

Health: -15/72     AC:  0    Str: 23    XL:     5   Next: 45%
Magic:  4/4        EV:  7    Int:  4    God:    Trog [**....]
Gold:   161        SH:  0    Dex: 10    Spells: 4/4 levels left

rFire   . . .        a - +0 hand axe
rCold   . . .        (no shield)
rNeg    . . .        l - +0 plate armour
rPois   .            (helmet restricted)
rElec   .            (no cloak)
rCorr   +            (no gloves)
SInv    .            (no boots)
Will    +....        (no amulet) Stlth
                     m - ring of willpower
HPRegen 0.32/turn    o - ring of resist corrosion
MPRegen 0.09/turn

%: no passive effects
@: berserking, corroded, very quick
A: horns 2, retaliatory headbutt
a: Renounce Religion, Berserk, Trog's Hand


You were on level 4 of the Dungeon.
You worshipped Trog.
Trog was pleased with you.
You visited 1 branch of the dungeon, and saw 4 of its levels.

You collected 161 gold pieces.

Inventory:

Hand Weapons
 a - a +0 hand axe (weapon)
Missiles
 n - 6 javelins (quivered)
Armour
 l - a +0 plate armour (worn)
Jewellery
 m - a ring of willpower (left hand)
 o - a ring of resist corrosion (right hand)
 t - an amulet of magic regeneration
Wands
 w - a wand of mindburst (21)
 y - a wand of charming (5)
Scrolls
 c - 7 scrolls of identify {unknown}
 f - a scroll of vulnerability {unknown}
 g - 4 scrolls of teleportation {unknown}
 h - a scroll of immolation {unknown}
 p - a scroll of enchant weapon {unknown}
 q - a scroll of magic mapping {unknown}
 s - a scroll of amnesia {unknown}
 u - a scroll of brand weapon {unknown}
 v - a scroll of blinking {unknown}
Potions
 b - a potion of lignification {unknown}
 d - 2 potions of berserk rage {unknown}
 e - 2 potions of heal wounds {unknown}
 i - 2 potions of mutation {unknown}
 j - 4 potions of curing {unknown}
 k - a potion of resistance {unknown}
 r - a potion of ambrosia {unknown}
 x - 2 potions of brilliance {unknown}


   Skills:
 + Level 5.2 Fighting
 + Level 5.2 Axes
 + Level 4.0 Armour
 + Level 2.5 Dodging
 + Level 0.4 Stealth


You had 4 spell levels left.
You didn't know any spells.
Your spell library was empty.

Dungeon Overview and Level Annotations

Branches:
Dungeon (4/15)             Temple (0/1) D:4

Altars:
Wu Jian

Shops:
D:1 (


Innate Abilities, Weirdness & Mutations

You have a pair of horns on your head.
You reflexively headbutt those who attack you in melee.


Message History

You completely miss the gnoll. The gnoll barely misses you.
Your Armour skill increases to level 4!
You hit the jelly.
Your hands burn!
The jelly is moderately wounded.
You hit the gnoll but do no damage. The gnoll hits you but does no damage.
The jelly hits you but does no damage.
You closely miss the gnoll. Your headbutt misses the gnoll. You hit the jelly.
Your hands burn!
The gnoll hits you but does no damage. The jelly closely misses you.
You hit the gnoll. Your headbutt misses the gnoll.
The gnoll is lightly wounded.
You hit the jelly.
Your hands burn!
The gnoll barely misses you. The jelly hits you but does no damage.
You slash the gnoll!
The gnoll is heavily wounded.
You hit the jelly. The acid corrodes you!
Your hands burn!
The gnoll hits you with a +0 club. The jelly hits you. The acid corrodes you!
You are splashed with acid.
You resist.
You hit the gnoll but do no damage. Your punch misses the gnoll.
The gnoll is heavily wounded.
You hit the jelly.
Your hands burn!
The gnoll hits you with a +0 club! The jelly hits you. The acid corrodes you!
You are splashed with acid.
You resist.
A red film seems to cover your vision as you go berserk!
You feel yourself moving faster!
You feel mighty! The gnoll hits you with a +0 club.
* * * LOW HITPOINT WARNING * * *
The jelly hits you.
* * * LOW HITPOINT WARNING * * *
You are splashed with acid.
You resist.
* * * LOW HITPOINT WARNING * * *
You slash the jelly!
You kill the jelly!
Trog accepts your kill.
You hit the gnoll.
Your Fighting skill increases to level 5!
The gnoll hits you with a +0 club!
* * * LOW HITPOINT WARNING * * *
The ogre hits you with a +0 giant club!!
You die...

#.....# #.....#
#.....# #.....#
##.....##########
#................
##......##########
#.g.....#
##@#.....#
#gO#.....#
#g######## .S5# #.
...... #. ..S.>###
#. ..... #. #.
..... #. #. ....
#. #.


You could see an ogre, 3 gnolls, an adder and an ufetubus.

Vanquished Creatures
  A jelly (D:4)
  An iguana (D:4)
  An orc wizard (D:3)
  4 adders
  A gnoll (D:4)
  A dart slug (D:1)
  7 orcs
  4 endoplasms
  3 giant cockroaches
  6 goblins
  5 hobgoblins
  3 kobolds
  2 quokkas (D:2)
  9 ball pythons
  A bat (D:3)
  6 frilled lizards
  3 rats (D:1)
58 creatures vanquished.

Notes
Turn   | Place    | Note
-------+----------+-------------------------------------------
     0 | D:1      | Wiggles the Minotaur Berserker began the quest for the Orb.
     0 | D:1      | Reached XP level 1. HP: 19/19 MP: 0/0
    88 | D:1      | Found Emoog's Weapon Emporium.
   101 | D:1      | Reached XP level 2. HP: 26/27 MP: 1/1
   925 | D:2      | Reached XP level 3. HP: 23/33 MP: 2/2
   977 | D:2      | Reached ** piety under Trog
  1693 | D:3      | Reached XP level 4. HP: 41/41 MP: 3/3
  1805 | D:3      | Found an ornate altar of the Wu Jian Council.
  1824 | D:3      | Reached skill level 5 in Axes
  2203 | D:3      | Identified the +0 leather armour of Ignis's Envy {rC+}
  2471 | D:4      | Found a staircase to the Ecumenical Temple.
  2486 | D:4      | Reached XP level 5. HP: 14/47 MP: 4/4
  2716 | D:4      | Noticed an ogre
  2734 | D:4      | Reached skill level 5 in Fighting
  2734 | D:4      | HP: 3/72 [gnoll/+0 club (8)]
  2734 | D:4      | Demolished by an ogre

Illustrated notes

Levels and vault maps discovered:
D:1:      wander_arrival_lonely_grave, layout_basic, serial_shops, shop
D:2:      layout_loops_ring, minivault_5, minmay_misc_feat_enclosed,
          wad_orctagon
D:3:      layout_basic, nicolae_wu_jian_wuxing_cycle
D:4:      layout_basic, amcnicky_altar_gilded, minmay_temple_entry_sparse_star,
          minivault_19

Skill      XL: |  1  2  3  4  5 |
---------------+----------------+-----
Fighting       | 4 5 |  5.2
Axes           | 4 5 |  5.2
Armour         | 3 4 |  4.0
Dodging        | |  2.5
Stealth        | |  0.4

Action                     |  1- 3 |  4- 6 || total
---------------------------+-------+-------++-------
  Melee: Hand axe          |    80 |    59 ||   139
         Headbutt          |    11 |     5 ||    16
         Punch             |     1 |       ||     1
  Throw: Javelin           |       |     1 ||     1
 Invoke: Berserk           |       |     1 ||     1
 Armour: Plate armour      |    25 |    32 ||    57
         Animal skin       |     4 |       ||     4
  Dodge: Dodged            |    34 |    18 ||    52
